AoeStats
← sky2551230

Arena

510293788Analyzed
2v2 RM · 1d ago on Sep 30, 2026· 44m 17s· 4 players
Game mode
Random Map
Map size
Medium (4 player)
Population
200
Speed
Normal
Resources
Standard
Victory
Conquest
Starting age
Dark Age
Ending age
Imperial Age
RankedLock teamsTeams togetherTeam positionsShared explorationLock speedFull tech treeHidden civsTurbo modeCheats
Victory
Defeat
🇦🇷 Koreans · Argentina
1122
+13
🇨🇳 Goths · China
1050
+16
🇹🇼 Poles · Taiwan
1117
-16
🇹🇼 Saxons · Taiwan
1010
-13
sky2551230
9:09 Feudal Age
13:19 Castle Age
11:37 Double-Bit Axe
12:12 Horse Collar
20:23 Bow Saw
20:47 Heavy Plow
21:59 Wheelbarrow
21:49 Loom
22:33 Scale Mail Armor
22:46 Forging
22:53 Gold Mining
22:59 Stone Mining
24:10 Hand Cart
24:49 Man-at-Arms
25:42 Long Swordsman
26:09 Gambesons
26:24 Squires
26:14 Arson
27:39 Gold Shaft Mining
27:37 Chain Mail Armor
27:57 Iron Casting
31:03 Imperial Age
31:09 Imperial Age
28:35 Treadmill Crane
32:10 Conscription
31:13 Shield Wall
32:14 Conscription
31:16 Two-Handed Swordsman
32:29 Plate Mail Armor
32:05 Champion
33:15 Fortified Wall
41:53 Fletching
42:04 Padded Archer Armor
42:25 Ballistics
43:07 Chemistry
42:25 Elite Skirmisher
43:12 Thumb Ring
冰水一壺
10:37 Feudal Age
11:31 Double-Bit Axe
12:06 Fletching
18:38 Horse Collar
20:41 Loom
23:39 Castle Age
23:18 Stone Mining
23:19 Gold Mining
24:27 Scale Barding Armor
24:32 Forging
25:41 Bodkin Arrow
25:55 Light Cavalry
27:39 Bow Saw
28:09 Husbandry
28:20 Bloodlines
30:51 Wheelbarrow
30:05 Town Watch
34:50 Chain Barding Armor
34:44 Bloodlines
36:54 Hand Cart
42:25 Masonry
42:36 Fortified Wall
43:51 Heavy Plow
武瑧
7:08 Loom
9:37 Feudal Age
11:38 Fletching
19:50 Castle Age
17:52 Double-Bit Axe
18:22 Horse Collar
20:38 Bodkin Arrow
21:46 Bow Saw
29:50 Wheelbarrow
34:52 Imperial Age
32:39 Hand Cart
33:07 Scale Mail Armor
33:31 Forging
33:45 Ballistics
33:35 Eupseong
34:25 Gold Mining
34:26 Stone Mining
36:28 Conscription
36:30 Shinkichon
38:11 Two-Man Saw
37:12 Heavy Plow
38:09 Bracer
39:12 Chemistry
39:11 Arson
39:27 Squires
40:42 Stone Shaft Mining
40:43 Gold Shaft Mining
39:54 Elite War Wagon
40:44 Thumb Ring
41:56 Town Watch
dragonlee66
10:04 Feudal Age
14:37 Castle Age
12:43 Double-Bit Axe
15:58 Horse Collar
23:09 Heavy Plow
23:50 Wheelbarrow
23:36 Loom
25:08 Stone Mining
25:36 Hand Cart
28:41 Imperial Age
27:26 Forging
27:16 Scale Mail Armor
27:20 Padded Archer Armor
27:10 Fletching
28:05 Bow Saw
28:07 Anarchy
28:33 Squires
28:41 Treadmill Crane
29:25 Ballistics
28:59 Gold Mining
29:44 Stone Shaft Mining
30:31 Chemistry
30:30 Iron Casting
30:11 Chain Mail Armor
30:11 Leather Archer Armor
30:26 Town Watch
31:35 Masonry
31:46 Elite Huskarl
32:47 Conscription
33:10 Crop Rotation
34:45 Blast Furnace
35:39 Ring Archer Armor
39:44 Bodkin Arrow
Connection lost

Rejoining the realm…

Still unreachable

The connection could not be restored.

Session expired

The server has moved on; the page needs a fresh start.